[Event "Croatian junior league 2021"]
[Site "Rabac"]
[Date "2021.04.10"]
[Round "10.13"]
[White "Bunic, Emanuel"]
[Black "Novosel, Marko"]
[Result "1/2-1/2"]
[ECO "A52"]
[WhiteElo "1839"]
[BlackElo "2130"]
[Annotator "NA RC"]
[PlyCount "98"]
[EventDate "2021.04.06"]
[EventType "swiss"]
[EventCountry "CRO"]
[SourceTitle "playchess.com"]
[Source "ChessBase"]
[SourceQuality "1"]
[TimeControl "5400+30"]

1. d4 Nf6 2. c4 e5 3. dxe5 Ng4 4. Bf4 Nc6 5. Nf3 Bb4+ 6. Nbd2 Qe7 7. e3 Ngxe5 8. Nxe5 Nxe5 9. Be2 d6 10. O-O Bxd2 11. Qxd2 h5 12. Qd4 c5 13. Qc3 Bd7 14. Bxe5 dxe5 15. Rfd1 f6 16. Qd3 O-O-O 17. Qd6 Qxd6 18. Rxd6 h4 19. Rad1 Bc6 20. Rxd8+ Rxd8 21. Rxd8+ Kxd8 22. f3 Ke7 23. e4 g6 24. Bd3 Bd7 25. Kf2 f5 26. g3 hxg3+ 27. hxg3 f4 28. g4 Kf6 29. Bf1 a6 30. Bd3 Kg5 31. b3 Kf6 32. Ke1 Ke6 33. Kd2 Kd6 34. Kc3 Kc6 35. Be2 Kb6 36. Bf1 Ka5 37. Be2 b5 38. Bf1 g5 39. Be2 Bc6 40. Bf1 Bd7 41. Be2 Be6 42. Bf1 Kb6 43. Be2 Bd7 44. Bf1 Be8 45. Be2 Ka5 46. Bf1 Kb6 47. Be2 Bf7 48. Bf1 Be6 49. Be2 Bf7 1/2-1/2

[Event "Croatian junior league 2021"]
[Site "Rabac"]
[Date "2021.04.10"]
[Round "10.14"]
[White "Klapac, Patrik"]
[Black "Zadro, Matej"]
[Result "0-1"]
[ECO "C50"]
[WhiteElo "1780"]
[BlackElo "1742"]
[Annotator "NA RC"]
[PlyCount "97"]
[EventDate "2021.04.06"]
[EventType "swiss"]
[EventCountry "CRO"]
[SourceTitle "playchess.com"]
[Source "ChessBase"]
[SourceQuality "1"]
[TimeControl "5400+30"]

1. e4 e5 2. Nf3 Nc6 3. Bc4 Nf6 4. d3 h6 5. Nc3 Bc5 6. O-O d6 7. h3 g5 8. Kh1 g4 9. Nh2 gxh3 10. g3 Qe7 11. Na4 Bb6 12. Nxb6 axb6 13. Be3 Be6 14. Bxe6 fxe6 15. Qd2 O-O-O 16. Bxh6 Rdg8 17. Bg5 Nxe4 18. dxe4 Rxg5 19. c3 Rgg8 20. b4 Qh7 21. Qe2 Kd7 22. Rad1 Qh5 23. Qe3 Ra8 24. Rd2 Ra3 25. Rb1 Rha8 26. g4 Qf7 27. Nf3 Qf4 28. Qxf4 exf4 29. g5 Rxa2 30. Rbd1 Rxd2 31. Rxd2 Ke7 32. Kh2 Rh8 33. Ra2 Kf7 34. Ng1 Kg6 35. Nxh3 e5 36. f3 Nd8 37. Kg2 Ne6 38. Ra7 Nxg5 39. Nxg5 Kxg5 40. Rxb7 Rh7 41. c4 Kh4 42. b5 Rg7+ 43. Kf2 Kh3 44. Ra7 Rg2+ 45. Kf1 Kg3 46. Rxc7 Kxf3 47. Rc6 Ra2 48. Ke1 Ke3 49. Rc7 0-1

[Event "Croatian junior league 2021"]
[Site "Rabac"]
[Date "2021.04.10"]
[Round "10.15"]
[White "Horcicka, Jan"]
[Black "Jakovic, Roko"]
[Result "1/2-1/2"]
[ECO "B90"]
[WhiteElo "1698"]
[BlackElo "1846"]
[Annotator "NA RC"]
[PlyCount "114"]
[EventDate "2021.04.06"]
[EventType "swiss"]
[EventCountry "CRO"]
[SourceTitle "playchess.com"]
[Source "ChessBase"]
[SourceQuality "1"]
[TimeControl "5400+30"]

1. e4 c5 2. Nf3 d6 3. d4 cxd4 4. Nxd4 Nf6 5. Nc3 a6 6. Be3 e5 7. Nf3 Be7 8. Bc4 O-O 9. O-O Bg4 10. Qe2 Nbd7 11. Rad1 Qc7 12. Bb3 b5 13. a3 Rad8 14. h3 Bxf3 15. Qxf3 Nc5 16. Bd5 Na4 17. Nxa4 bxa4 18. Qe2 Rb8 19. c3 Nxd5 20. Rxd5 f5 21. exf5 Rxf5 22. Qxa6 Rxb2 23. Qxa4 Rf8 24. c4 Rbb8 25. Rc1 Ra8 26. Qb3 Kh8 27. a4 Ra6 28. a5 Rc6 29. Qb5 Ra8 30. Bb6 Qc8 31. Kh2 h6 32. c5 dxc5 33. Bxc5 Bf6 34. Rcd1 e4 35. Bb6 Qe6 36. Bd8 Kh7 37. Bxf6 Qxf6 38. Rf5 Qg6 39. Rd4 Rca6 40. Ra4 R8a7 41. Re5 Qd6 42. Qd5 Qc7 43. Qxe4+ Rg6 44. f4 Raa6 45. f5 Rgf6 46. g3 Rad6 47. Ra2 Qf7 48. Re6 Kh8 49. a6 Rxf5 50. Re8+ Kh7 51. Rf2 Rdf6 52. g4 Qxe8 53. Qxe8 Rxf2+ 54. Kg1 Rf1+ 55. Kg2 R6f2+ 56. Kg3 Rf3+ 57. Kg2 R3f2+ 1/2-1/2

[Event "Croatian junior league 2021"]
[Site "Rabac"]
[Date "2021.04.10"]
[Round "10.16"]
[White "Veverec, Ivo"]
[Black "Kostic, Lovro"]
[Result "1/2-1/2"]
[ECO "B07"]
[WhiteElo "1786"]
[BlackElo "1367"]
[Annotator "NA"]
[PlyCount "69"]
[EventDate "2021.04.06"]
[EventType "swiss"]
[EventCountry "CRO"]
[SourceTitle "playchess.com"]
[Source "ChessBase"]
[SourceQuality "1"]
[TimeControl "5400+30"]

1. e4 g6 2. d4 Bg7 3. Nf3 d6 4. c3 Nd7 5. Bd3 Ngf6 6. O-O O-O 7. Re1 e5 8. Nbd2 Re8 9. Nf1 a6 10. Ng3 b5 11. a4 bxa4 12. Rxa4 d5 13. dxe5 Nxe5 14. Nxe5 Rxe5 15. f3 Bb7 16. Bf4 Re8 17. Bc2 Qe7 18. Ra1 dxe4 19. Nxe4 Nxe4 20. Bxe4 Bxe4 21. Rxe4 Qc5+ 22. Be3 Qb5 23. Rb4 Qc6 24. Bf2 a5 25. Rb3 Qc4 26. Rba3 Qe2 27. Bg3 Qxb2 28. Rb3 Qe2 29. Qxe2 Rxe2 30. Bxc7 a4 31. Rba3 Rc2 32. Bf4 Bxc3 33. Rxa4 Rc8 34. Rd1 Bf6 35. Ra6 1/2-1/2

[Event "Croatian junior league 2021"]
[Site "Rabac"]
[Date "2021.04.10"]
[Round "10.17"]
[White "Jakrlin, Mihael"]
[Black "Begic, Domagoj"]
[Result "1-0"]
[ECO "B08"]
[WhiteElo "2106"]
[BlackElo "1706"]
[Annotator "NA"]
[PlyCount "37"]
[EventDate "2021.04.06"]
[EventType "swiss"]
[EventCountry "CRO"]
[SourceTitle "playchess.com"]
[Source "ChessBase"]
[SourceQuality "1"]
[TimeControl "5400+30"]

1. Nf3 d6 2. d4 g6 3. Nc3 Bg7 4. e4 Nf6 5. Bf4 O-O 6. Qd2 Nbd7 7. O-O-O a6 8. h4 h5 9. e5 Nh7 10. Rg1 Nb6 11. Be2 dxe5 12. Nxe5 Bxe5 13. Bxe5 Nf6 14. Qh6 Bd7 15. g4 hxg4 16. Bxg4 Bxg4 17. Rxg4 Qd7 18. Rdg1 Qf5 19. Rg5 1-0

[Event "Croatian junior league 2021"]
[Site "Rabac"]
[Date "2021.04.10"]
[Round "10.23"]
[White "Denic, Marin"]
[Black "Vukojevic, Toni"]
[Result "1-0"]
[ECO "C54"]
[WhiteElo "1914"]
[BlackElo "1538"]
[Annotator "NA"]
[PlyCount "41"]
[EventDate "2021.04.06"]
[EventType "swiss"]
[EventCountry "CRO"]
[SourceTitle "playchess.com"]
[Source "ChessBase"]
[SourceQuality "1"]
[TimeControl "5400+30"]

1. e4 e5 2. Nf3 Nc6 3. Bc4 Bc5 4. c3 Nf6 5. d3 h6 6. O-O O-O 7. Nbd2 d6 8. Re1 Re8 9. Nf1 Bg4 10. Ng3 Ne7 11. h3 Bxf3 12. Qxf3 Ng6 13. Nf5 Ne7 14. Nxh6+ gxh6 15. Qxf6 d5 16. Bxh6 Nf5 17. Qxf5 Re6 18. Bg5 Qe8 19. Bxd5 Rb6 20. Bf6 Bf8 21. Qg6+ 1-0

[Event "Croatian junior league 2021"]
[Site "Rabac"]
[Date "2021.04.11"]
[Round "11.8"]
[White "Zekic, Patrik"]
[Black "Veverec, Ivo"]
[Result "1/2-1/2"]
[ECO "D36"]
[WhiteElo "1731"]
[BlackElo "1786"]
[Annotator "NA RC"]
[PlyCount "51"]
[EventDate "2021.04.06"]
[EventType "swiss"]
[EventCountry "CRO"]
[SourceTitle "playchess.com"]
[Source "ChessBase"]
[SourceQuality "1"]
[TimeControl "5400+30"]

1. d4 d5 2. c4 e6 3. cxd5 exd5 4. Nc3 c6 5. Qc2 Nf6 6. Bg5 h6 7. Bh4 Be7 8. e3 Be6 9. Bd3 Nbd7 10. Nge2 Nh5 11. Bxe7 Qxe7 12. Rd1 Nb6 13. Qb3 O-O 14. O-O Bg4 15. Rc1 Qg5 16. Ng3 Nxg3 17. hxg3 Bf5 18. Ne2 Bxd3 19. Qxd3 Nc4 20. b3 Nd6 21. Nc3 Rfe8 22. b4 a6 23. a4 b5 24. axb5 axb5 25. Ra1 Qe7 26. Ne2 1/2-1/2

[Event "Croatian junior league 2021"]
[Site "Rabac"]
[Date "2021.04.11"]
[Round "11.11"]
[White "Dumancic, Simun"]
[Black "Horcicka, Jan"]
[Result "1/2-1/2"]
[ECO "C54"]
[WhiteElo "1883"]
[BlackElo "1698"]
[Annotator "NA RC"]
[PlyCount "39"]
[EventDate "2021.04.06"]
[EventType "swiss"]
[EventCountry "CRO"]
[SourceTitle "playchess.com"]
[Source "ChessBase"]
[SourceQuality "1"]
[TimeControl "5400+30"]

1. e4 e5 2. Nf3 Nc6 3. Bc4 Bc5 4. c3 Nf6 5. d3 O-O 6. O-O d6 7. a4 a5 8. Na3 Ne7 9. Nc2 Ng6 10. d4 Ba7 11. Re1 Nxe4 12. Rxe4 d5 13. Re1 dxc4 $11 14. Nxe5 Nxe5 15. Rxe5 c5 16. d5 Bb8 17. Re4 Bf5 18. Rxc4 Bxc2 19. Qxc2 Qxd5 20. Re4 1/2-1/2

[Event "Croatian junior league 2021"]
[Site "Rabac"]
[Date "2021.04.11"]
[Round "11.12"]
[White "Kostic, Lovro"]
[Black "Martic, Filip"]
[Result "1-0"]
[ECO "A48"]
[WhiteElo "1367"]
[BlackElo "1756"]
[Annotator "NA RC"]
[PlyCount "73"]
[EventDate "2021.04.06"]
[EventType "swiss"]
[EventCountry "CRO"]
[SourceTitle "playchess.com"]
[Source "ChessBase"]
[SourceQuality "1"]
[TimeControl "5400+30"]

1. d4 Nf6 2. Nf3 g6 3. e3 Bg7 4. Nbd2 O-O 5. c4 d6 6. Be2 Nc6 7. O-O e5 8. d5 Ne7 9. e4 Nd7 10. b4 a6 11. Qc2 f5 12. Ng5 Nf6 13. Ne6 Bxe6 14. dxe6 Qc8 15. c5 d5 16. exd5 Nfxd5 17. Qb3 Qxe6 18. Bc4 c6 19. Bb2 e4 20. Rfe1 Qd7 21. Rad1 Kh8 22. Bxg7+ Kxg7 23. Qb2+ Rf6 24. Nf1 Qc7 25. a4 b5 26. axb5 axb5 27. Ba2 Rd8 28. Rd2 Nf4 29. Red1 Rxd2 30. Rxd2 Nd3 31. Qc3 g5 32. Ng3 Kg6 33. Nh5 Rf8 34. Qg7+ Kxh5 35. Qxh7+ Kg4 36. Qh3+ Kf4 37. Qg3# 1-0

[Event "Croatian junior league 2021"]
[Site "Rabac"]
[Date "2021.04.11"]
[Round "11.16"]
[White "Cecic-Sule, Dino"]
[Black "Bedic, Noemi"]
[Result "1/2-1/2"]
[ECO "E94"]
[WhiteElo "1770"]
[BlackElo "1587"]
[Annotator "NA RC"]
[PlyCount "72"]
[EventDate "2021.04.06"]
[EventType "swiss"]
[EventCountry "CRO"]
[SourceTitle "playchess.com"]
[Source "ChessBase"]
[SourceQuality "1"]
[TimeControl "5400+30"]

1. d4 Nf6 2. Nf3 g6 3. c4 d6 4. Nc3 Bg7 5. e4 O-O 6. Be2 Nbd7 7. O-O e5 8. dxe5 dxe5 9. Qc2 c6 10. Bg5 Qc7 11. Rfd1 h6 12. Bxf6 Bxf6 13. b4 Rd8 14. Rd2 Nf8 15. Rad1 Bg4 16. Ne1 Bxe2 17. Nxe2 Ne6 18. Nf3 a5 19. a3 Kh7 20. Rxd8 Rxd8 21. Rxd8 Qxd8 22. Qd2 Qxd2 23. Nxd2 Be7 24. c5 axb4 25. axb4 Kg7 26. Nc4 Kf6 27. Na5 Nd8 28. Nc4 Ke6 29. f3 f6 30. Kf2 Kd7 31. Ke3 Ne6 32. f4 exf4+ 33. Nxf4 Nxf4 34. Kxf4 Bd8 35. h3 Ke6 36. Kf3 Bc7 1/2-1/2

[Event "Croatian junior league 2021"]
[Site "Rabac"]
[Date "2021.04.11"]
[Round "11.17"]
[White "Colev, Ivor"]
[Black "Damjanovic, Stjepan"]
[Result "1/2-1/2"]
[ECO "B35"]
[WhiteElo "1847"]
[BlackElo "1890"]
[Annotator "NA RC"]
[PlyCount "52"]
[EventDate "2021.04.06"]
[EventType "swiss"]
[EventCountry "CRO"]
[SourceTitle "playchess.com"]
[Source "ChessBase"]
[SourceQuality "1"]
[TimeControl "5400+30"]

1. e4 c5 2. Nf3 Nc6 3. d4 cxd4 4. Nxd4 Nf6 5. Nc3 g6 6. Be3 (6. Nxc6 $14 bxc6 7. e5) 6... Bg7 $1 7. Bc4 O-O 8. Bb3 a5 9. f3 d5 10. Nxc6 bxc6 11. exd5 a4 12. Nxa4 Nxd5 13. Bd4 $17 (13. Bb6 $15 Nxb6 14. Qxd8 Rxd8 15. Nxb6 Bxb2 16. Rd1 Rxd1+ 17. Kxd1) 13... Bxd4 14. Qxd4 e5 15. Qd2 Rxa4 16. Bxa4 Qh4+ 17. Qf2 Qb4+ 18. c3 Qxa4 19. O-O Nf4 20. Qe3 f6 21. b3 Qa3 22. Rfd1 Qb2 23. Qd2 Qa3 24. Qe3 Qb2 25. Qd2 Qa3 26. Qe3 Nd5 1/2-1/2

[Event "Croatian junior league 2021"]
[Site "Rabac"]
[Date "2021.04.11"]
[Round "11.18"]
[White "Mandaric, Fran"]
[Black "Perko, Bartol"]
[Result "1/2-1/2"]
[ECO "B01"]
[WhiteElo "1684"]
[BlackElo "1766"]
[Annotator "NA RC"]
[PlyCount "64"]
[EventDate "2021.04.06"]
[EventType "swiss"]
[EventCountry "CRO"]
[SourceTitle "playchess.com"]
[Source "ChessBase"]
[SourceQuality "1"]
[TimeControl "5400+30"]

1. e4 d5 2. exd5 Qxd5 3. Nc3 Qd8 4. d4 Nf6 5. Bc4 Bg4 6. Nf3 e6 7. h3 Bxf3 8. Qxf3 c6 9. Be3 Be7 10. O-O O-O 11. Rad1 Nbd7 12. Qg3 Kh8 13. f4 Nb6 14. Bd3 Nfd5 15. Nxd5 Nxd5 16. c4 Nxe3 17. Qxe3 Bf6 18. Bc2 g6 19. Kh1 Bg7 20. Rd2 Qc7 21. Rfd1 Rad8 22. b3 Kg8 23. Be4 Qb6 24. Bf3 Rd7 25. Qe4 Rfd8 26. d5 cxd5 27. cxd5 exd5 28. Rxd5 Rxd5 29. Rxd5 Rxd5 30. Qe8+ Bf8 31. Bxd5 Qf6 32. Qe5 Qxe5 1/2-1/2

[Event "Croatian junior league 2021"]
[Site "Rabac"]
[Date "2021.04.11"]
[Round "11.19"]
[White "Poljan, Max"]
[Black "Juric, Ester"]
[Result "0-1"]
[ECO "A23"]
[WhiteElo "1573"]
[BlackElo "1587"]
[Annotator "NA RC"]
[PlyCount "57"]
[EventDate "2021.04.06"]
[EventType "swiss"]
[EventCountry "CRO"]
[SourceTitle "playchess.com"]
[Source "ChessBase"]
[SourceQuality "1"]
[TimeControl "5400+30"]

1. c4 e5 2. g3 Nf6 3. Bg2 c6 4. Nc3 d5 5. cxd5 cxd5 6. d4 exd4 7. Qxd4 Nc6 8. Qa4 d4 9. Ne4 Nxe4 10. Bxe4 Bb4+ 11. Bd2 Bxd2+ 12. Kxd2 O-O 13. Nf3 Qb6 14. Rhb1 Rd8 15. Bd3 h6 16. Qb5 Qxb5 17. Bxb5 Bf5 18. Bd3 Bxd3 19. exd3 Rac8 20. Rc1 f6 21. Rc4 b5 22. Rc5 Ne5 23. Rxc8 Nxf3+ 24. Ke2 Rxc8 25. Kxf3 Rc2 26. Rb1 Kf7 27. Ke4 Rxf2 28. Kxd4 Rf5 29. Ke4 0-1